[Event "*** SCC Grand Prix: Titled Tuesday Blitz"]
[Site "Chess.com"]
[Date "2020.06.23"]
[Round "5"]
[White "WelshTiger"]
[Black "Fusikk"]
[Result "0-1"]
[WhiteElo "2365"]
[BlackElo "2545"]
[TimeControl "180+1"]
[EndTime "10:56:23 PDT"]
[Termination "Fusikk won by resignation"]

1. e4 e6 2. d4 d5 3. Nd2 c5 4.
exd5 Qxd5 5. dxc5 Qxc5 6. Ngf3 Nf6 7. Bd3 Nbd7 8. Qe2 Be7 9. O-O O-O 10. Ne4 Qc7 11. Bg5 h6 12. Bh4 b6 13. Nxf6+ Nxf6 14. Bxf6 Bxf6 15. Qe4 Rd8 16. Qxa8 Bb7 17. Qxa7 Ra8 18.
Qxa8+ Bxa8 19. Nd2 Bxb2 20. Rab1 Be5 21. h3 Bf4 22. Nc4 Qc6 23. f3 b5 24. Na5 Qb6+ 25. Kh1 Qxa5 26. Rxb5 Qxa2 27. Rfb1 g6 28. R1b4 Qa1+ 29.
Rb1 Qd4 30. Rb8+ Bxb8 31. Rxb8+ Kg7 32. Rxa8 h5 33. Rc8 h4 34. Rc4 Qf2 35. Re4 Kf8 36. Re2 Qc5 37. Re4 g5 38. Rc4 Qa5 39. Kg1 Ke7 40. Kf2 Qa7+ 41. Kf1 Kf6 42. Re4 Ke7 43. Rc4 Kd6 44. Re4 f5 45. Rc4 Qe3 46. Rc3 Qc1+ 47. Kf2 Qd2+ 0-1

[Event "*** SCC Grand Prix: Titled Tuesday Blitz"]
[Site "Chess.com"]
[Date "2020.06.23"]
[Round "5"]
[White "AlanTate"]
[Black "mamey78"]
[Result "0-1"]
[WhiteElo "2402"]
[BlackElo "2352"]
[TimeControl "180+1"]
[EndTime "10:56:24 PDT"]
[Termination "mamey78 won on time"]

1. d4 d5 2. c4 c6 3. Nf3 Nf6 4.
Nc3 e6 5. Bg5 dxc4 6. e4 b5 7.
e5 h6 8. Bh4 g5 9. Bg3 Nh5 10. a4 a5 11. axb5 cxb5 12. Nxb5 Bb4+ 13. Nd2 Nxg3 14. hxg3 Nc6 15. Bxc4 Nxd4 16. O-O Nxb5 17.
Bxb5+ Kf8 18. Nc4 Qxd1 19. Rfxd1 Ba6 20. Bxa6 Rxa6 21. Rd8+ Kg7 22. Rxh8 Kxh8 23. b3 Kg7 24. g4 Ra7 25. g3 Rd7 26. Nxa5 Bc3 27. Ra2 Ra7 28.
b4 Bxb4 0-1

[Event "*** SCC Grand Prix: Titled Tuesday Blitz"]
[Site "Chess.com"]
[Date "2020.06.23"]
[Round "5"]
[White "abykhovsky"]
[Black "IsaacWiebe"]
[Result "0-1"]
[WhiteElo "2680"]
[BlackElo "2106"]
[TimeControl "180+1"]
[EndTime "10:56:25 PDT"]
[Termination "IsaacWiebe won by checkmate"]

1. d4 d5 2. Nf3 Nf6 3. c4 dxc4 4. Nc3 a6 5. a4 Nc6 6. e4 Bg4 7. d5 Ne5 8. Be2 Bxf3 9. gxf3 c6 10. f4 Nd3+ 11.
Bxd3 cxd3 12. Qxd3 cxd5 13. e5 Nd7 14. Qxd5 Qc7 15. e6 fxe6 16. Qxe6 Nc5 17. Qe2 Rd8 18. O-O Nb3 19. Rb1 Nxc1 20. Rbxc1 Qxf4 21. Rfd1 Rxd1+ 22. Rxd1 h5 23. Nd5 Qg4+ 24. Qxg4 hxg4 25. Nc7+ Kf7 26. Rd7 Rh6 27. Na8 b5 28. axb5 axb5 29. Rb7 Rh5 30. Nc7 Rc5 31. Nxb5 g6 32. b4 Rc2 33. Nd4 Rd2 34. Nc6 Kf6 35. b5 Bh6 36. Rb8 Kg5 37.
b6 Kf4 38. b7 Kf3 39. h3 Rd1+ 40. Kh2 Bf4# 0-1

[Event "*** SCC Grand Prix: Titled Tuesday Blitz"]
[Site "Chess.com"]
[Date "2020.06.23"]
[Round "5"]
[White "eightbyeightchess"]
[Black "Titus369"]
[Result "1-0"]
[WhiteElo "2414"]
[BlackElo "2548"]
[TimeControl "180+1"]
[EndTime "10:56:26 PDT"]
[Termination "eightbyeightchess won on time"]

1. e4 c5 2. Nf3 d6 3. d4 cxd4 4. Qxd4 a6 5. c4 Nc6 6. Qe3 Nf6 7. h3 g6 8. Be2 Bg7 9. O-O O-O 10. Rd1 Qc7 11.
Nc3 Be6 12. Rb1 Rfc8 13. b3 Ne5 14. Nd4 Nc6 15. Nf3 Nd7 16. Bb2 Qb6 17. Qg5 Qa5 18.
Nd5 Bxd5 19. exd5 Nce5 20. Qxe7 Qxa2 21. Nxe5 Nxe5 22. Bxe5 Bxe5 23. Bg4 Re8 24. Qxb7 Rab8 25. Qd7 Bd4 26. Rf1 Bxf2+ 27. Rxf2 Qxb1+ 28. Rf1 Qb2 29. Qxf7+ Kh8 30. Bd7 Rf8 31. Qxf8+ 1-0

[Event "*** SCC Grand Prix: Titled Tuesday Blitz"]
[Site "Chess.com"]
[Date "2020.06.23"]
[Round "5"]
[White "LuisFSiles"]
[Black "KejJaj"]
[Result "1-0"]
[WhiteElo "2313"]
[BlackElo "2005"]
[TimeControl "180+1"]
[EndTime "10:56:27 PDT"]
[Termination "LuisFSiles won on time"]

1. e4 c5 2. Nf3 d6 3. d4 cxd4 4. Nxd4 Nf6 5. Nc3 g6 6. Be3 Bg7 7. f3 O-O 8. Qd2 Nc6 9. O-O-O d5 10. Kb1 e5 11. Nxc6 bxc6 12. exd5 cxd5 13. Nxd5 Bf5 14.
Bg5 h6 15. Nxf6+ Bxf6 16. Bxh6 Qc7 17. Bxf8 Rxf8 18. Bd3 e4 19. Bxe4 Qb6 20. c3 Be6 21. Qd6 Qa5 22. a3 Rc8 23. Qb4 Qc7 24. Bd5 Rb8 25.
Bxe6 Rxb4 26. axb4 fxe6 27. Rd3 Qc4 28. Rhd1 Kg7 29.
g3 a6 30. f4 Qe4 31. Ka2 1-0

[Event "*** SCC Grand Prix: Titled Tuesday Blitz"]
[Site "Chess.com"]
[Date "2020.06.23"]
[Round "5"]
[White "catalin009"]
[Black "Mourinho_Jose"]
[Result "1-0"]
[WhiteElo "2328"]
[BlackElo "2474"]
[TimeControl "180+1"]
[EndTime "10:56:28 PDT"]
[Termination "catalin009 won by resignation"]

1. e4 e5 2. Nf3 Nf6 3. Nxe5 d6 4. Nf3 Nxe4 5. Nc3 Nxc3 6. dxc3 Be7 7. Be3 Nc6 8. Qd2 Be6 9. O-O-O Qd7 10. Kb1 Bf6 11.
Bd3 O-O-O 12. Rhe1 a6 13. Nd4 Nxd4 14. cxd4 d5 15.
f3 Bf5 16. g4 Bxd3 17. Qxd3 h6 18. Bf4 Rhe8 19. c3 Rxe1 20. Rxe1 Re8 21. Rxe8+ Qxe8 22. Qf5+ Qd7 23. Qxd7+ Kxd7 24. Kc2 c6 25. Kd3 Ke6 26. Bg3 g6 27. Ke3 Bg5+ 28. Bf4 Bxf4+ 29. Kxf4 g5+ 30.
Ke3 f5 31. Kd3 Kf6 32. Ke3 Kg6 33. h3 h5 34. Kd3 hxg4 35. hxg4 fxg4 36. fxg4 Kf6 37. c4 dxc4+ 38. Kxc4 b6 39. d5 c5 40. a4 Ke5 41. a5 bxa5 42. Kxc5 a4 43. d6 Ke6 44. Kc6 a3 45. bxa3 1-0

[Event "*** SCC Grand Prix: Titled Tuesday Blitz"]
[Site "Chess.com"]
[Date "2020.06.23"]
[Round "5"]
[White "Raja3401"]
[Black "MaxVavulin"]
[Result "1-0"]
[WhiteElo "2801"]
[BlackElo "2566"]
[TimeControl "180+1"]
[EndTime "10:56:29 PDT"]
[Termination "Raja3401 won on time"]

1. e4 e5 2. Nf3 Nc6 3. Bb5 a6 4. Ba4 Nge7 5. Nc3 g6 6. d4 exd4 7. Nd5 Bg7 8. Bg5 b5 9. Bb3 h6 10. Bf6 Bxf6 11. Nxf6+ Kf8 12. Qd2 Kg7 13. Nxd4 d6 14.
Qc3 Ne5 15. f4 c5 16. fxe5 cxd4 17. Qf3 Rf8 18. exd6 Nc6 19. O-O Ne5 20. Qg3 Qxd6 21. Bd5 Ra7 22. Rad1 Re7 23. Rxd4 Qb6 24. c3 a5 25. h3 b4 26. Kh2 bxc3 27. bxc3 Ba6 28. Rf2 Qc5 29. Nh5+ Kh8 30. Qf4 Kh7 31. Nf6+ Kg7 32.
Qh4 1-0

[Event "*** SCC Grand Prix: Titled Tuesday Blitz"]
[Site "Chess.com"]
[Date "2020.06.23"]
[Round "5"]
[White "doons21"]
[Black "CroissantNeuf"]
[Result "1-0"]
[WhiteElo "2549"]
[BlackElo "2381"]
[TimeControl "180+1"]
[EndTime "10:56:29 PDT"]
[Termination "doons21 won on time"]

1. e4 c6 2. d3 d5 3. Nd2 e5 4. Ngf3 Bd6 5. g3 Nf6 6. Bg2 O-O 7. O-O Re8 8. a4 a5 9. Re1 Nbd7 10. Nh4 Nc5 11.
h3 dxe4 12. dxe4 b5 13. axb5 cxb5 14. Qf3 Be6 15. Nf5 Bf8 16. Nf1 g6 17. Nh6+ Kg7 18. Bg5 Be7 19. Rad1 Qc7 20. g4 Nfxe4 21. Bxe7 Qxe7 22.
Nf5+ gxf5 23. gxf5 Bc4 24. Qg4+ Qg5 25. Bxe4 Nxe4 26.
Rxe4 Qxg4+ 27. Rxg4+ Kf6 28. Ne3 Rac8 29. Rd6+ Ke7 30.
Rb6 Rg8 31. Rh6 Be2 32. Rg3 1-0

[Event "*** SCC Grand Prix: Titled Tuesday Blitz"]
[Site "Chess.com"]
[Date "2020.06.23"]
[Round "5"]
[White "temus_galaktionov"]
[Black "Thipsay"]
[Result "1-0"]
[WhiteElo "2699"]
[BlackElo "2480"]
[TimeControl "180+1"]
[EndTime "10:56:30 PDT"]
[Termination "temus_galaktionov won by resignation"]

1. d4 Nf6 2. Nf3 g6 3. c4 Bg7 4. Nc3 O-O 5. e4 d6 6. Be2 e5 7. O-O Nc6 8. d5 Ne7 9. Ne1 Nd7 10. f3 f5 11. g4 f4 12. h4 Nf6 13. Bd2 h5 14. g5 Nh7 15. Nd3 Nxg5 16. hxg5 Nxd5 17.
Rf2 Nb6 18. c5 dxc5 19. Nxc5 Qxg5+ 20. Rg2 Qf6 21. Bf1 g5 22. Rh2 Qg6 23. Qb3+ Kh8 24. Kh1 g4 25. fxg4 Bxg4 26. Bh3 Bf3+ 27. Bg2 Bg4 28.
Rf1 Rad8 29. Be1 Bh6 30. Bf3 Rf6 31. Bh4 Rdf8 32. Bxf6+ Rxf6 33. Qd1 Kg7 34. Rg1 Kf7 35.
Bxg4 hxg4 36. Qxg4 Qxg4 37. Rxg4 Nc4 38. Nd5 Rd6 39.
b3 1-0

[Event "*** SCC Grand Prix: Titled Tuesday Blitz"]
[Site "Chess.com"]
[Date "2020.06.23"]
[Round "5"]
[White "Joshukid"]
[Black "Artem_Koval"]
[Result "0-1"]
[WhiteElo "2594"]
[BlackElo "2437"]
[TimeControl "180+1"]
[EndTime "10:56:30 PDT"]
[Termination "Artem_Koval won on time"]

1. Nf3 d6 2. d4 Nf6 3. c4 g6 4. Nc3 Bg7 5. g3 O-O 6. Bg2 Nc6 7. O-O e5 8. dxe5 dxe5 9. Bg5 Be6 10. Qc1 Bxc4 11. Rd1 Qe7 12. Ne4 Bxe2 13. Bxf6 Bxf6 14. Rd7 Qe6 15. Bh3 Qxh3 16. Nxf6+ Kg7 17. Ng5 Qf5 18. Ngxh7 Rh8 19. Qe3 Rxh7 20. Nxh7 Qxd7 21. Ng5 Qd3 22. Qc5 Rd8 23. Re1 Qd2 24. Ra1 Qxg5 25. h4 Qg4 26. Re1 Qh3 27. Qe3 Bc4 28. b3 Bd5 0-1

[Event "*** SCC Grand Prix: Titled Tuesday Blitz"]
[Site "Chess.com"]
[Date "2020.06.23"]
[Round "5"]
[White "themind1hunter"]
[Black "floplover"]
[Result "0-1"]
[WhiteElo "2417"]
[BlackElo "2232"]
[TimeControl "180+1"]
[EndTime "10:56:30 PDT"]
[Termination "floplover won by resignation"]

1. e4 c6 2. d4 d5 3. Nd2 dxe4 4. Nxe4 Bf5 5. Ng3 Bg6 6. h4 h6 7. Nf3 Nd7 8. h5 Bh7 9. Bd3 Bxd3 10. Qxd3 e6 11. Bd2 Ngf6 12. O-O-O Be7 13. Kb1 O-O 14. Ne4 Nxe4 15. Qxe4 Nf6 16. Qe2 Qd5 17. Be3 Bd6 18. c4 Qe4+ 19. Ka1 Ng4 20. Nd2 Qf5 21. Rh4 Nxe3 22.
fxe3 c5 23. Ne4 Rad8 24. Rf1 Qh7 25. Qf3 cxd4 26. exd4 Be7 27. Rg4 Rxd4 28. Qe3 Rfd8 29. Nf2 Rxg4 30. Nxg4 Qc2 31. Qf3 f5 32. Ne5 Bf6 0-1

[Event "*** SCC Grand Prix: Titled Tuesday Blitz"]
[Site "Chess.com"]
[Date "2020.06.23"]
[Round "5"]
[White "ruslansezdbekov"]
[Black "Antipov_Mikhail_Al"]
[Result "1-0"]
[WhiteElo "2599"]
[BlackElo "2794"]
[TimeControl "180+1"]
[EndTime "10:56:31 PDT"]
[Termination "ruslansezdbekov won by resignation"]

1. e4 e5 2. Nf3 Nc6 3. d4 exd4 4. Nxd4 Qh4 5. Nc3 Bb4 6. Nb5 Qxe4+ 7. Be3 Kd8 8. a3 Bxc3+ 9. Nxc3 Qg6 10. Qd2 d6 11. O-O-O Nge7 12. Bf4 Bf5 13. Nb5 a6 14. Nxc7 Kxc7 15.
Bxd6+ Kc8 16. Qe3 Bxc2 17. Qb6 Kd7 18. Qxb7+ Ke6 19. Bc4+ Kf5 20. Kxc2 Kg5+ 21. Kc1 Qf6 22. h4+ Kh6 23. g4 Qxf2 24. Rhf1 Qe3+ 25. Kb1 Rab8 26. Qc7 Qe4+ 27. Bd3 Rxb2+ 28. Kxb2 Rb8+ 29. Kc1 Qe3+ 30. Rd2 g5 31. hxg5+ Kg7 32. Bxe7 Nxe7 33. Qxb8 Qc5+ 34. Kb1 Nd5 1-0

[Event "*** SCC Grand Prix: Titled Tuesday Blitz"]
[Site "Chess.com"]
[Date "2020.06.23"]
[Round "5"]
[White "ChessQueen"]
[Black "pedromartinez91"]
[Result "1-0"]
[WhiteElo "2702"]
[BlackElo "2492"]
[TimeControl "180+1"]
[EndTime "10:56:31 PDT"]
[Termination "ChessQueen won by resignation"]

1. e4 e6 2. d4 d5 3. exd5 exd5 4. Nf3 Nf6 5. Bd3 Be7 6. O-O O-O 7. Ne5 c5 8. c3 Nc6 9. Nd2 cxd4 10. Nxc6 bxc6 11. cxd4 Qb6 12. Nb3 a5 13. a4 Bg4 14.
Qc2 Rab8 15. Nc5 h6 16. h3 Bc8 17. Bf4 Ra8 18. b3 Nd7 19. Rac1 Nxc5 20. dxc5 Qd8 21. Rfe1 Ba6 22. Bxa6 Rxa6 23. Qe2 Ra7 24. Rc3 Bg5 25. Bd6 Qf6 26. Rf3 Qd8 27. Bxf8 Qxf8 28. Qe8 Qxe8 29. Rxe8+ Kh7 30. Rc8 Ra6 31. Rxf7 Bf6 32. Rfc7 d4 33.
Rxc6 Ra7 34. Rd6 Re7 35. g3 Re1+ 36. Kg2 h5 37. h4 g5 38. Rxf6 1-0

[Event "*** SCC Grand Prix: Titled Tuesday Blitz"]
[Site "Chess.com"]
[Date "2020.06.23"]
[Round "5"]
[White "picturesquecheck"]
[Black "PauloCesarCosta_sad"]
[Result "1-0"]
[WhiteElo "2092"]
[BlackElo "2247"]
[TimeControl "180+1"]
[EndTime "10:56:31 PDT"]
[Termination "picturesquecheck won on time"]

1. e4 e6 2. d4 d5 3. Nd2 Nf6 4.
e5 Nfd7 5. Bd3 c5 6. c3 Nc6 7. Ne2 Qb6 8. Nf3 cxd4 9. cxd4 f6 10. exf6 Nxf6 11. O-O Bd6 12. Rb1 O-O 13. Bf4 Bxf4 14. Nxf4 Nxd4 15. Nxd4 e5 16. Nfe2 exd4 17. Nxd4 Bd7 18.
Bf5 Bxf5 19. Nxf5 Rad8 20. Qd4 Qe6 21. Ne3 Qf7 22. Rbd1 b6 23. f3 Rfe8 24. Rfe1 Nh5 25. Kf2 Nf4 26. Ng4 Ne6 27. Qb4 d4 28. Ne5 Qb7 29. Nc4 Qd5 30. Re5 Qd7 31. b3 d3 32.
Re3 Qd4 33. Rxd3 Qxd3 34. Rxd3 Rxd3 35. Ne5 Nc5 36. Qc4+ Kh8 37. Nxd3 Nxd3+ 38. Qxd3 h6 39. Qd7 Ra8 40. Qb7 1-0

[Event "*** SCC Grand Prix: Titled Tuesday Blitz"]
[Site "Chess.com"]
[Date "2020.06.23"]
[Round "5"]
[White "Evgeny_Ermakov1965"]
[Black "hansen"]
[Result "1/2-1/2"]
[WhiteElo "2666"]
[BlackElo "2984"]
[TimeControl "180+1"]
[EndTime "10:56:32 PDT"]
[Termination "Game drawn by repetition"]

1. d4 Nf6 2. c4 g6 3. Nc3 d5 4. Nf3 Bg7 5. Bf4 O-O 6. e3 c5 7.
h3 Nc6 8. cxd5 Nxd5 9. Bh2 cxd4 10. exd4 Qa5 11. Qd2 Rd8 12. Bc4 Nb6 13. Bb3 Nxd4 14. Nxd4 Rxd4 15. Qe3 e6 16. O-O Bd7 17. Rad1 Rxd1 18.
Rxd1 Bc6 19. Bf4 Re8 20. Bh6 Qe5 21. Qxe5 Bxe5 22. Be3 Rc8 23. g4 Kf8 24. f4 Bf6 25.
Kf2 Ke8 26. g5 Be7 27. h4 Nd7 28. h5 a6 29. hxg6 hxg6 30. Bc2 b5 31. Be4 Nc5 32.
Bxc6+ Rxc6 33. Kf3 b4 34. Ne4 Nxe4 35. Kxe4 a5 36. Bd4 Bd6 37. Rh1 Rc2 38. Rh8+ Kd7 39. Rh7 Ke7 40. Bf6+ Ke8 41. Rh8+ Kd7 42. Rh7 Rc4+ 43.
Kd3 Rxf4 44. Rxf7+ Kc6 45. Ra7 Kb5 46. Rb7+ Kc5 47.
Ra7 Kb5 48. Rb7+ Kc6 49. Ra7 Bc5 50. Rxa5 Rg4 51. a4 bxa3 52. bxa3 Rg3+ 53. Ke4 Bxa3 54.
Ra6+ Kd7 55. Ra7+ Kc6 56. Ra6+ Kd7 57. Ra7+ Kc6 58. Ra6+ 1/2-1/2

[Event "*** SCC Grand Prix: Titled Tuesday Blitz"]
[Site "Chess.com"]
[Date "2020.06.23"]
[Round "5"]
[White "zmeeed67"]
[Black "GukeshDommaraju"]
[Result "0-1"]
[WhiteElo "2452"]
[BlackElo "2702"]
[TimeControl "180+1"]
[EndTime "10:56:32 PDT"]
[Termination "GukeshDommaraju won on time"]

1. d4 d5 2. c4 e6 3. Nc3 Bb4 4.
a3 Bxc3+ 5. bxc3 Nf6 6. cxd5 exd5 7. e3 O-O 8. Bd3 b6 9. Ne2 Ba6 10. O-O c5 11. Ng3 Bxd3 12. Qxd3 Nc6 13. Ra2 Re8 14. f3 Rc8 15. Re2 Qd7 16. Bb2 Re6 17. e4 dxe4 18. fxe4 Ne5 19. Qb1 Nc4 20. d5 Re5 21. Bc1 Rce8 22.
Qd3 b5 23. a4 a6 24. axb5 axb5 25. Bf4 R5e6 26. Qc2 Ra6 27. Bg5 Ng4 28. Nf5 Rg6 29. Bf4 Nf6 30. Rfe1 h6 31. Bg3 Rg4 32. Qd3 Ne5 33.
Qf3 Nxf3+ 0-1

[Event "*** SCC Grand Prix: Titled Tuesday Blitz"]
[Site "Chess.com"]
[Date "2020.06.23"]
[Round "5"]
[White "ENajer77"]
[Black "Konavets"]
[Result "1-0"]
[WhiteElo "2682"]
[BlackElo "2993"]
[TimeControl "180+1"]
[EndTime "10:56:33 PDT"]
[Termination "ENajer77 won on time"]

1. d4 Nf6 2. c4 e6 3. Nc3 Bb4 4. Nf3 b6 5. e3 Bb7 6. Bd3 O-O 7. O-O c5 8. Na4 cxd4 9. exd4 Re8 10. a3 Bf8 11. b4 a5 12. b5 d6 13. Bb2 Nbd7 14. Re1 Rc8 15. Rc1 d5 16. Ne5 dxc4 17. Bxc4 Nxe5 18.
dxe5 Nd5 19. Qd4 Qg5 20. h4 Qh6 21. Bxd5 Bxd5 22. Nxb6 Rcd8 23. Nxd5 Rxd5 24. Qc4 Bc5 25. Rcd1 Red8 26. Rxd5 Rxd5 27. Bc1 Qh5 28. Be3 Qxe5 29.
Rc1 Bf8 30. b6 Rb5 31. Qc7 Qd5 32. a4 Rb2 33. Qb8 h5 34. Rc8 1-0

[Event "*** SCC Grand Prix: Titled Tuesday Blitz"]
[Site "Chess.com"]
[Date "2020.06.23"]
[Round "5"]
[White "EnergeticHay"]
[Black "alenee"]
[Result "0-1"]
[WhiteElo "2200"]
[BlackElo "2395"]
[TimeControl "180+1"]
[EndTime "10:56:33 PDT"]
[Termination "alenee won by resignation"]

1. e4 c5 2. Nf3 e6 3. d4 cxd4 4. Nxd4 Nc6 5. Nc3 Qc7 6. Be3 a6 7. Qf3 Bd6 8. O-O-O Be5 9. g3 b5 10. Qe2 Bb7 11. f4 Bxd4 12. Bxd4 Nxd4 13. Rxd4 Qc5 14. Qd2 Bc6 15. a3 a5 16. Bg2 b4 17. Nd5 bxa3 18. bxa3 Qxa3+ 19. Kd1 Rb8 20. Nc3 Qc5 21. Ke2 Nf6 22.
Bf3 e5 23. Rd6 O-O 24. Rd1 Rb2 25. Qd3 a4 26. Ra1 a3 27. fxe5 Qxe5 28. Rxa3 Rxc2+ 29. Qxc2 Qxd6 30. Ra1 Qd4 31. Rd1 Qc4+ 32. Kf2 Re8 33.
Qd3 Qe6 34. Re1 h6 35. e5 Ng4+ 36. Bxg4 Qxg4 37. Qe2 Qf5+ 38. Qf3 Qxf3+ 0-1

[Event "*** SCC Grand Prix: Titled Tuesday Blitz"]
[Site "Chess.com"]
[Date "2020.06.23"]
[Round "5"]
[White "zala02"]
[Black "Ekka83"]
[Result "0-1"]
[WhiteElo "2173"]
[BlackElo "2351"]
[TimeControl "180+1"]
[EndTime "10:56:35 PDT"]
[Termination "Ekka83 won on time"]

1. d4 d5 2. c4 e6 3. Nc3 Nf6 4. cxd5 exd5 5. Bg5 Be7 6. Qc2 c6 7. e3 O-O 8. Bd3 h6 9. Bh4 Re8 10. Nge2 Nbd7 11. O-O Nf8 12. a3 Ne4 13. Bxe7 Qxe7 14. b4 Bf5 15. Rab1 a6 16. a4 Ng6 17. Ng3 Nxg3 18. hxg3 Bxd3 19. Qxd3 h5 20. Rb3 h4 21. gxh4 Qxh4 22. Ne2 Ne7 23. Ng3 g6 24. e4 dxe4 25. Qxe4 Qxe4 26. Nxe4 Nd5 27. Nc5 Re7 28. b5 axb5 29.
axb5 Rae8 30. bxc6 bxc6 31. g3 Kg7 32. Kg2 Re2 33. Rc1 Rd2 34. Nb7 Ne3+ 35. Kg1 Nf5 36. Rb6 Nxd4 37. Nd6 Ree2 38. Rf1 Nf3+ 39. Kg2 Ne1+ 40.
Rxe1 Rxe1 41. Nc4 Rc2 0-1

[Event "*** SCC Grand Prix: Titled Tuesday Blitz"]
[Site "Chess.com"]
[Date "2020.06.23"]
[Round "5"]
[White "NTBT_DHS"]
[Black "Andreikka"]
[Result "0-1"]
[WhiteElo "2633"]
[BlackElo "2936"]
[TimeControl "180+1"]
[EndTime "10:56:36 PDT"]
[Termination "Andreikka won by resignation"]

1. d4 Nf6 2. c4 e6 3. Nf3 d5 4. g3 Bb4+ 5. Bd2 Be7 6. Bg2 O-O 7. O-O Nbd7 8. Qc2 c6 9. Rd1 b6 10. Bf4 Ba6 11. Nbd2 Rc8 12. e4 Nxe4 13. Nxe4 dxe4 14. Ne5 Nxe5 15. dxe5 Qc7 16. Bxe4 h6 17. Qa4 Bb7 18. h4 Rfd8 19. h5 a5 20. Qc2 c5 21. a4 Rd4 22.
Bh7+ Kf8 23. Be3 Rxd1+ 24. Rxd1 Qxe5 25. Rd7 Bc6 26. Ra7 Rd8 27. Qe2 Qb8 28. Rxe7 Kxe7 29. Bf4 Qb7 30. Qg4 Kf8 31. Be5 f5 32. Qe2 Bf3 33. Bxg7+ Kxg7 34. Qe5+ Kxh7 35. Kh2 Rd1 0-1

[Event "*** SCC Grand Prix: Titled Tuesday Blitz"]
[Site "Chess.com"]
[Date "2020.06.23"]
[Round "5"]
[White "Barmen_EV"]
[Black "Igrok3069"]
[Result "0-1"]
[WhiteElo "2482"]
[BlackElo "2732"]
[TimeControl "180+1"]
[EndTime "10:56:36 PDT"]
[Termination "Igrok3069 won on time"]

1. d4 d5 2. c4 c6 3. Nc3 Nf6 4. Nf3 e6 5. g3 dxc4 6. Bg2 Nbd7 7. O-O Be7 8. e4 O-O 9. b3 Bb4 10. Qc2 cxb3 11. axb3 Bxc3 12. Qxc3 Nxe4 13. Qc2 Nd6 14. Ba3 Nf6 15. Ne5 Re8 16. h4 Nb5 17. Bb2 Qb6 18. Nc4 Qc7 19. Rfe1 Rd8 20. Rad1 Bd7 21. Ne5 Be8 22. g4 Qe7 23. g5 Nh5 24. Be4 g6 25.
Ng4 Rac8 26. Qc5 Qxc5 27. dxc5 Kf8 28. Be5 a5 29. Bd3 Rd5 30. Bc4 Rxc5 31. Nf6 Nxf6 32.
Bxf6 Rf5 33. f4 Rxf4 34. Be5 Rf5 35. Bxb5 cxb5 36. Bd6+ Kg8 37. Be7 Bc6 38. Rd4 Rd5 0-1

[Event "*** SCC Grand Prix: Titled Tuesday Blitz"]
[Site "Chess.com"]
[Date "2020.06.23"]
[Round "5"]
[White "antoszu"]
[Black "kingofthenil"]
[Result "0-1"]
[WhiteElo "2538"]
[BlackElo "2406"]
[TimeControl "180+1"]
[EndTime "10:56:37 PDT"]
[Termination "kingofthenil won on time"]

1. e4 Nc6 2. Nf3 d5 3. exd5 Qxd5 4.
Nc3 Qh5 5. Be2 Bg4 6. d4 O-O-O 7. Be3 e5 8. d5 Nf6 9. dxc6 Rxd1+ 10. Rxd1 e4 11. Nd4 Bb4 12. Bxg4+ Nxg4 13. cxb7+ Kxb7 14. Nb3 Re8 15. Rd4 Bxc3+ 16. bxc3 Nxe3 17. fxe3 Qh4+ 18. g3 Qh3 19. Nc5+ Ka8 20. Rf1 Qxh2 21. Rxf7 Qxg3+ 22. Ke2 Qg4+ 23. Kd2 Qg2+ 24. Kc1 Qg1+ 25. Kb2 Rb8+ 26. Nb3 Qxe3 27. Rxc7 a5 28. Rdd7 a4 0-1

[Event "*** SCC Grand Prix: Titled Tuesday Blitz"]
[Site "Chess.com"]
[Date "2020.06.23"]
[Round "5"]
[White "Ashedu66"]
[Black "Ural_bogatyr"]
[Result "1-0"]
[WhiteElo "2172"]
[BlackElo "2327"]
[TimeControl "180+1"]
[EndTime "10:56:37 PDT"]
[Termination "Ashedu66 won on time"]

1. d4 Nf6 2. Nf3 d5 3. c4 c6 4. Nc3 e6 5. e3 Nbd7 6. b3 Bb4 7.
Bd2 Qa5 8. Qc2 O-O 9. a3 Bxc3 10. Bxc3 Qc7 11. Bd3 b6 12. O-O Bb7 13. b4 c5 14. bxc5 bxc5 15. cxd5 Nxd5 16. Bb2 f5 17. Rfc1 Rac8 18. Qe2 Qd6 19. Bc4 cxd4 20. Bxd4 a6 21. Ba2 e5 22. Bb2 e4 23. Nd4 Ne5 24. Rd1 Nd3 25. Rxd3 exd3 26. Qxd3 Kh8 27. Nxf5 Qg6 28.
e4 Nf4 29. Qf1 Rg8 30. Ng3 Bxe4 31. Re1 1-0

[Event "*** SCC Grand Prix: Titled Tuesday Blitz"]
[Site "Chess.com"]
[Date "2020.06.23"]
[Round "5"]
[White "Roman_Ovetchkin"]
[Black "silverback96"]
[Result "1-0"]
[WhiteElo "2574"]
[BlackElo "2287"]
[TimeControl "180+1"]
[EndTime "10:56:38 PDT"]
[Termination "Roman_Ovetchkin won by resignation"]

1. d4 Nf6 2. c4 c5 3. d5 e6 4.
Nc3 exd5 5. cxd5 d6 6. e4 g6 7.
f4 Bg7 8. Bb5+ Nfd7 9. a4 O-O 10.
Nf3 Na6 11. O-O Nb4 12. h3 a6 13. Bxd7 Bxd7 14. f5 gxf5 15. Bg5 f6 16. Bf4 Bc8 17. Nh4 fxe4 18. Nxe4 f5 19. Bg5 Qd7 20. Ng3 Bd4+ 21.
Kh1 Qg7 22. Qh5 Nc2 23. Rad1 Ne3 24. Bxe3 Qxg3 25. Bxd4 cxd4 26. Rxd4 f4 27. Re4 Bxh3 28. Re7 Bf5 29. Nxf5 Qg6 30. Rg7+ Qxg7 31. Nxg7 Kxg7 32.
Qg5+ Kh8 33. Rxf4 Rxf4 34. Qxf4 1-0

[Event "*** SCC Grand Prix: Titled Tuesday Blitz"]
[Site "Chess.com"]
[Date "2020.06.23"]
[Round "5"]
[White "Micki-taryan"]
[Black "Anuar_Is"]
[Result "1-0"]
[WhiteElo "3031"]
[BlackElo "2839"]
[TimeControl "180+1"]
[EndTime "10:56:39 PDT"]
[Termination "Micki-taryan won by resignation"]

1. Nf3 Nf6 2. g3 g6 3. Bg2 Bg7 4. O-O O-O 5. d3 d6 6. Nbd2 e5 7. e4 h6 8. Re1 Be6 9. c3 Qd7 10. d4 exd4 11. cxd4 Bh3 12. Bh1 Nc6 13. b3 Rae8 14.
Bb2 Nh5 15. Qc1 Kh7 16. d5 Ne5 17. Bxe5 Bxe5 18. Nxe5 Rxe5 19. Qc2 Rfe8 20. Rac1 R5e7 21. f3 Ng7 22. Qc3 f5 23. f4 Rf7 24. e5 Rfe7 25.
e6 Qb5 26. Qd4 a5 27. Bg2 Bxg2 28. Kxg2 Nh5 29. a4 Qa6 30. Nc4 Rf8 31. Na3 Nf6 32. Nb5 Ne8 33. Rc2 Qa8 34. Kg1 Qd8 35. Rec1 c6 36. dxc6 bxc6 37. Rxc6 Rxe6 38. Qd2 Rf7 39. Ra6 Qf6 40. Rxa5 Rfe7 41. Nc3 Qf7 42. Rd5 Rb7 43. Nb5 Qe7 44. Nd4 Re4 45. b4 Nf6 46. Nc6 Qe6 47. Rxd6 Qf7 48. Nd8 1-0

[Event "*** SCC Grand Prix: Titled Tuesday Blitz"]
[Site "Chess.com"]
[Date "2020.06.23"]
[Round "5"]
[White "SavelievAlexei"]
[Black "Kildepiotr"]
[Result "0-1"]
[WhiteElo "2410"]
[BlackElo "2598"]
[TimeControl "180+1"]
[EndTime "10:56:39 PDT"]
[Termination "Kildepiotr won on time"]

1. e4 g6 2. h4 h5 3. d4 Bg7 4. Nc3 c6 5. Be3 d5 6. exd5 cxd5 7. Qd2 Nc6 8. Nf3 Nf6 9. Ng5 Bf5 10. f3 Qb6 11. b3 Rc8 12. Na4 Qc7 13. c3 b6 14. Nb2 O-O 15. Nd3 e5 16. dxe5 Nxe5 17. Nxe5 Qxe5 18. Qd4 Qg3+ 19. Bf2 Rfe8+ 20. Kd1 Qd6 21.
Qd2 Nh7 22. Rc1 Nxg5 23. hxg5 d4 24. Bb5 Red8 25. cxd4 Rxc1+ 26. Kxc1 Qa3+ 27. Qb2 Qb4 28. Bc4 Rc8 29. a3 Qe7 30. Kd1 Qxg5 31. Bh4 Qf4 32. Bf2 b5 33. Bxb5 Rc2 0-1

[Event "*** SCC Grand Prix: Titled Tuesday Blitz"]
[Site "Chess.com"]
[Date "2020.06.23"]
[Round "5"]
[White "THE_PLAYER6"]
[Black "talaicito"]
[Result "1-0"]
[WhiteElo "2471"]
[BlackElo "2111"]
[TimeControl "180+1"]
[EndTime "10:56:40 PDT"]
[Termination "THE_PLAYER6 won on time"]

1. d4 e6 2. c4 f5 3. Nc3 Bb4 4. Nf3 Nf6 5. Qc2 O-O 6. e3 b6 7. Nd2 Bb7 8. f3 Nh5 9. g3 Nc6 10. Be2 f4 11. Nf1 Qf6 12. a3 Bxc3+ 13. Qxc3 e5 14.
d5 Ne7 15. exf4 exf4 16. Qxf6 Nxf6 17. Bxf4 d6 18. Bd2 Nf5 19. Bc3 Rfe8 20. Kf2 Ba6 21. Bd3 Bc8 22. g4 Nh4 23. Ng3 Bd7 24. Rae1 Bxg4 25.
Bxf6 Nxf3 26. Rxe8+ Rxe8 27. Bc3 Rf8 28. Ke3 Re8+ 29.
Be4 Ng5 30. Rf1 Bf3 31. Rxf3 Nxf3 32. Kxf3 g6 33. h4 Kf7 34. Bd4 1-0